Map: 카이로스 정션 - 래더

Players

Reynor

  • Race: Zerg Zerg
  • League: Master
  • Spawn Location: 11:00

lllIIIIllll (Creator) - Winner!

  • Race: Protoss Protoss
  • League: Master
  • Spawn Location: 5:00

Event: HomeStory Cup XIX

VOD

Have the link to the VOD?

Description

Time

  • Played on: June 27, 2019, 7:10 a.m.
  • Length: 15:12

All games in this series

Show
View Real Time Build Order
Export as new Build Order

Reynor Zerg 

Build Orders: Hatch First, Swarm Host 

Get SALT Encoding   

  12  0:05  Drone  
  13  0:14  Overlord  
  13  0:16  Drone  
  14  0:33  Drone  
  15  0:42  Drone  
  16  0:49  Hatchery  
  15  0:54  Drone  
  16  0:57  Drone  
  16  1:00  Drone  
  18  1:11  Extractor  
  18  1:17  Spawning Pool  
  16  1:21  Drone  
  16  1:25  Drone  
  18  1:31  Drone  
  19  1:42  Drone  
  20  1:52  Overlord  
  20  2:04  Zergling x4, Queen  
  20  2:06  Queen  
  26  2:12  Drone  
  26  2:14  Drone  
  28  2:23  Drone  
  28  2:24  Drone  
  30  2:36  Hatchery  
  29  2:37  Drone  
  29  2:40  Drone  
  31  2:45  Pneumatized Carapace  
  31  2:49  Overlord  
  30  2:52  Drone  
  31  2:59  Queen  
  31  3:01  Drone  
  31  3:03  Drone  
  35  3:11  Drone x2  
  37  3:14  Drone x3  
  40  3:20  Overlord  
  40  3:21  Drone  
  40  3:27  Metabolic Boost, Drone  
  42  3:35  Drone  
  42  3:37  Queen  
  42  3:39  Overlord  
  45  3:48  Drone x4  
  48  3:51  Spore Crawler  
  48  3:53  Drone x2, Spore Crawler  
  49  3:57  Drone  
  49  4:00  Queen  
  52  4:03  Drone  
  52  4:04  Drone  
  52  4:07  Overlord  
  54  4:14  Spore Crawler  
  53  4:19  Overlord  
  51  4:26  Drone x6  
  51  4:29  Drone, Overlord  
  58  4:38  Zergling x8  
  62  4:41  Overlord  
  62  4:47  Drone x4  
  62  4:50  Lair  
  62  4:52  Drone x3  
  69  4:54  Extractor  
  69  4:56  Extractor  
  69  4:57  Queen  
  69  5:02  Drone x3  
  69  5:03  Drone  
  69  5:06  Roach Warren  
  72  5:10  Drone x3  
  72  5:11  Drone  
  72  5:12  Zergling x2  
  77  5:18  Overlord  
  76  5:23  Drone  
  76  5:26  Zergling x2  
  76  5:28  Overlord  
  77  5:30  Drone x4  
  77  5:31  Queen  
  77  5:32  Evolution Chamber  
  77  5:35  Overlord  
  82  5:43  Drone  
  82  5:47  Roach x3  
  82  5:48  Roach x4  
  95  5:50  Overseer  
  95  5:54  Roach  
  95  5:56  Zergling x4  
  99  6:02  Zergling x2, Roach x3  
  99  6:04  Overlord  
  106  6:11  Zergling x2, Roach x3  
  105  6:15  Zergling x2, Roach x2  
  105  6:23  Drone x3  
  98  6:31  Drone x5  
  95  6:33  Drone  
  95  6:35  Drone  
  95  6:36  Drone x2  
  98  6:45  Drone x6  
  104  6:48  Extractor  
  104  6:54  Drone x2, Extractor  
  105  6:55  Extractor  
  105  6:59  Drone x2  
  105  7:00  Drone  
  106  7:01  Zerg Missile Weapons Level 1  
  106  7:03  Overlord  
  106  7:07  Overlord  
  105  7:15  Drone  
  106  7:18  Overlord  
  106  7:22  Drone x3  
  109  7:24  Roach x3  
  109  7:25  Overlord x2  
  114  7:30  Zergling x8  
  114  7:31  Ravager  
  114  7:32  Ravager  
  116  7:38  Ravager  
  116  7:39  Ravager  
  116  7:40  Zergling x2, Roach x2  
  122  7:44  Ravager  
  122  7:45  Zergling x2  
  122  7:46  Zergling x4  
  122  7:48  Zergling x6  
  133  7:53  Ravager  
  133  7:54  Zergling x8  
  133  7:57  Drone x2  
  140  7:58  Drone  
  140  7:59  Drone  
  140  8:02  Overlord  
  140  8:06  Infestation Pit  
  140  8:08  Drone  
  140  8:09  Drone  
  136  8:15  Drone  
  136  8:18  Drone x2  
  136  8:19  Overlord  
  139  8:25  Hatchery  
  137  8:31  Glial Reconstitution  
  137  8:37  Overlord  
  137  8:45  Swarm Host x8  
  161  8:49  Zergling x2  
  160  8:57  Drone x3  
  160  9:00  Swarm Host x2  
  160  9:01  Swarm Host  
  169  9:02  Overlord  
  168  9:10  Overlord  
  168  9:23  Drone  
  169  9:24  Drone x3, Spine Crawler  
  169  9:25  Drone, Spine Crawler, Swarm Host x2  
  169  9:27  Zergling x2  
  169  9:28  Overlord x2  
  169  9:29  Roach  
  169  9:30  Zergling x4, Extractor, Roach x2  
  185  9:33  Zergling x2  
  186  9:39  Roach x2  
  186  9:40  Roach  
  186  9:41  Baneling Nest  
  192  9:45  Ravager  
  188  10:00  Roach x4  
  188  10:01  Roach x2  
  185  10:10  Swarm Host x3  
  185  10:12  Ravager  
  185  10:13  Zergling x16, Ravager  
  198  10:15  Zerg Melee Weapons Level 1  
  195  10:25  Zergling x6, Roach x5  
  178  10:36  Roach x2  
  178  10:37  Roach x2  
  178  10:38  Ravager x2  
  182  10:43  Roach x2  
  182  10:48  Zergling x18  
  182  10:52  Centrifical Hooks  
  180  10:57  Zergling x8  
  184  11:06  Zergling x6  
  184  11:10  Roach  
  178  11:13  Baneling x12  
  178  11:14  Baneling x4  
  178  11:16  Zergling x12  
  181  11:21  Ravager x2  
  181  11:22  Roach x3  
  189  11:27  Baneling x6  
  189  11:32  Zergling x6  
  190  11:33  Zergling x2  
  190  11:39  Zergling x2, Roach x3  
  193  11:49  Zergling x2  
  193  11:50  Zergling x10  
  193  12:03  Zergling x12  
  193  12:04  Zergling x2  
  198  12:10  Hatchery  
  190  12:17  Baneling  
  190  12:18  Baneling x14  
  187  12:26  Ravager x3  
  184  12:32  Zergling x20  
  192  12:49  Roach x6  
  192  12:50  Roach  
  198  12:53  Baneling x5  
  198  12:54  Baneling  
  197  13:06  Zergling x6  
  193  13:14  Zergling x16  
  182  13:23  Zergling x2, Roach x3  
  185  13:33  Baneling x11  
  185  13:41  Zergling x12  
  165  13:47  Ravager x2  
  165  13:48  Ravager x7  
  174  14:07  Hatchery  
  174  14:08  Roach x3  
  179  14:10  Baneling  
  179  14:11  Baneling x3  
  179  14:15  Baneling x4  
  179  14:16  Baneling  
  179  14:26  Roach x2  
  183  14:33  Ravager x4  
  185  14:39  Zergling x16  
  189  14:51  Hatchery  
Show
View Real Time Build Order
Export as new Build Order

lllIIIIllll Protoss - Winner!

Build Orders: 1 Gate Expand, Oracle Opening, Phoenix Opening 

Get SALT Encoding   

  12  0:00  Probe  
  13  0:12  Probe  
  14  0:18  Pylon  
  14  0:24  Probe  
  15  0:33  Probe  
  15  0:39  Gateway  
  15  0:41  Probe  
  16  0:46  Assimilator  
  17  0:51  Probe  
  18  1:03  Probe  
  19  1:15  Probe  
  20  1:25  Nexus  
  20  1:33  Cybernetics Core  
  20  1:36  Probe  
  21  1:42  Assimilator  
  21  1:48  Probe  
  21  1:52  Pylon  
  22  2:00  Adept  
  22  2:01  Probe  
  23  2:13  Probe  
  23  2:15  Stargate  
  26  2:24  Warp Gate  
  26  2:25  Probe  
  26  2:29  Adept  
  27  2:34  Probe x2  
  29  2:42  Probe x2  
  32  2:51  Probe  
  32  2:52  Probe  
  32  2:54  Phoenix  
  36  3:03  Probe  
  36  3:04  Probe  
  38  3:12  Pylon  
  38  3:13  Oracle  
  38  3:16  Probe x2  
  43  3:25  Assimilator  
  43  3:27  Assimilator  
  43  3:28  Probe x2  
  43  3:33  Gateway  
  45  3:40  Probe x2  
  47  3:45  Twilight Council  
  47  3:49  Gateway  
  47  3:53  Probe  
  47  3:54  Probe  
  47  3:55  Pylon  
  49  3:56  Resonating Glaives  
  49  4:05  Probe  
  49  4:06  Probe  
  51  4:13  Adept  
  51  4:15  Pylon  
  53  4:17  Probe  
  53  4:18  Probe  
  56  4:31  Probe x2  
  56  4:36  Adept  
  56  4:37  Adept  
  61  4:43  Adept  
  63  4:49  Nexus  
  63  4:51  Pylon  
  63  4:53  Probe x2  
  63  4:54  Pylon  
  63  4:58  Adept x2  
  69  5:01  Robotics Facility  
  69  5:09  Robotics Facility, Pylon  
  69  5:11  Adept  
  69  5:13  Probe x2  
  73  5:22  Adept  
  75  5:29  Adept  
  75  5:32  Probe, Adept  
  75  5:33  Probe  
  81  5:47  Sentry  
  83  5:54  Gateway  
  83  5:55  Immortal  
  83  5:56  Gateway  
  87  5:58  Immortal  
  85  6:22  Probe x3  
  85  6:24  Immortal  
  85  6:25  Immortal  
  82  6:40  Shield Battery  
  82  6:41  Blink, Robotics Bay  
  82  6:43  Stalker, Sentry  
  82  6:44  Stalker  
  82  6:45  Shield Battery  
  88  6:48  Probe x3  
  88  6:50  Adept x2  
  95  6:55  Warp Prism  
  95  6:57  Immortal  
  95  7:00  Pylon  
  95  7:05  Probe  
  95  7:06  Probe x2  
  104  7:10  Stalker, Sentry  
  108  7:16  Assimilator, Pylon  
  108  7:19  Assimilator, Pylon  
  108  7:22  Phoenix  
  108  7:26  Disruptor  
  108  7:29  Probe x2  
  113  7:30  Probe  
  116  7:41  Disruptor  
  112  7:44  Probe x3  
  112  7:46  Forge  
  112  7:49  Gateway  
  115  7:52  Disruptor  
  115  7:53  Gateway  
  115  7:55  Gateway  
  115  7:57  Pylon  
  119  8:08  Disruptor  
  119  8:09  Stalker x2  
  119  8:10  Stalker  
  125  8:15  Pylon  
  125  8:16  Pylon  
  128  8:26  Disruptor  
  128  8:34  Pylon  
  128  8:35  Protoss Ground Weapons Level 1  
  131  8:44  Disruptor, Photon Cannon, Stalker x3  
  140  9:02  Disruptor  
  143  9:10  Photon Cannon  
  143  9:11  Stalker x4  
  151  9:18  Stalker x2  
  158  9:28  Stalker x2  
  162  9:31  Pylon  
  162  9:32  Pylon  
  162  9:33  Pylon  
  162  9:37  Stalker  
  164  9:39  Colossus x2  
  164  9:44  Pylon  
  161  9:45  Pylon  
  171  10:01  Stalker x6  
  177  10:10  Stalker x2  
  181  10:15  Nexus  
  173  10:37  Stalker x3  
  173  10:38  Stalker x2  
  177  10:56  Protoss Ground Weapons Level 2  
  177  10:57  Stalker x3  
  177  11:02  Stalker x3  
  177  11:03  Stalker x2  
  193  11:05  Charge  
  189  11:15  Pylon  
  189  11:21  Templar Archives  
  189  11:27  Colossus  
  189  11:29  Zealot x2  
  199  11:46  Assimilator  
  197  11:50  Gateway x2  
  197  11:51  Stalker  
  197  11:52  Stalker  
  193  12:04  Zealot x3  
  190  12:16  Stalker  
  190  12:17  Stalker x2  
  190  12:20  Assimilator  
  195  12:24  High Templar x2  
  198  12:31  Archon  
  198  12:34  Shield Battery  
  198  12:35  Photon Cannon  
  198  12:36  Pylon  
  198  12:47  High Templar  
  198  12:48  High Templar  
  192  12:53  Archon  
  192  12:54  High Templar x2  
  196  13:00  Archon  
  188  13:30  High Templar x4  
  196  13:34  Archon  
  196  13:35  Archon, Nexus  
  196  13:36  Nexus  
  171  13:41  Warp Prism  
  171  13:44  Sentry, Zealot x5  
  183  14:02  High Templar  
  183  14:03  High Templar  
  183  14:06  Zealot x2  
  183  14:07  Photon Cannon, Archon  
  191  14:12  Pylon  
  191  14:17  High Templar  
  191  14:18  Zealot, High Templar  
  191  14:23  Archon  
  197  14:28  Dark Shrine  
  197  14:31  Photon Cannon  
  195  14:42  Zealot x4  
  193  14:49  Stalker x4  
Tags
 
Add a new tag
Caveats
  • Supply blocks, unpowered buildings, or Contaminate may cause inaccurate times.
  • Supply counts are checked every 10 seconds.